 Dungeon Crawl Stone Soup version 0.31.0-4-g52a2dc7128 (webtiles) character file.

Game seed: 7353329809560972394

1 freelancePsychic the Grave Robber (level 1, -1/9 HPs)
             Began as a Vine Stalker Necromancer on Jan 22, 2024.
             Killed from afar by a dart slug (4 damage)
             ... with a slug dart
             ... on level 1 of the Dungeon.
             The game lasted 00:00:09 (82 turns).

freelancePsychic the Grave Robber (VSNe)              Turns: 82, Time: 00:00:09

Health: -1/9       AC:  2    Str: 10    XL:     1   Next: 20%
Magic:  0/4        EV: 12    Int: 15    God:
Gold:   0          SH:  0    Dex: 14    Spells: 3/4 levels left

rFire   . . .        (no weapon)
rCold   . . .        (no shield)
rNeg    . . .        a - +0 robe
rPois   .            (no helmet)
rElec   .            (no cloak)
rCorr   .            (no gloves)
SInv    .            (no boots)
Will    .....        (no amulet)
Stlth   ++           (no ring)
HPRegen 1.01/turn    (no ring)
MPRegen 0.09/turn

%: guardian spirit
@: no status effects
A: fangs 2, regeneration 1, magic shield, antimagic bite, no potion heal 2
a: no special abilities


You were on level 1 of the Dungeon.
You visited 1 branch of the dungeon, and saw 1 of its levels.

Inventory:

Armour
 a - a +0 robe (worn)
Potions
 b - a potion of magic
 c - a potion of might {unknown}
 d - a potion of curing {unknown}


   Skills:
 + Level 1.6 Dodging
 + Level 2.4 Stealth
 + Level 2.2 Spellcasting
 + Level 4.0 Necromancy


You had 3 spell levels left.
You knew the following spells:

 Your Spells              Type           Power      Damage    Failure   Level
a - Necrotise             Necr           52%        1d6       4%          1

Your spell library contained the following spells:

 Spells                   Type           Power      Damage    Failure   Level
 Vampiric Draining        Necr           13%        2d6       13%         3
 Animate Dead             Necr           13%        N/A       38%         4
 Curse of Agony           Necr           13%        N/A       75%         5


Dungeon Overview and Level Annotations

Branches:
Dungeon (1/15)

Altars:


Innate Abilities, Weirdness & Mutations

You have extremely sharp teeth.
Your natural rate of healing is unusually fast.
When hurt, damage is shared between your health and your magic reserves.
Your bite disrupts and absorbs the magic of your enemies.
Potions cannot restore your health.


Message History

Aim: a hobgoblin (chance to affect: 83%)
The hobgoblin writhes in agony.
A dart slug comes into view.
The hobgoblin hits you.
Aiming: Necrotise (safe; 4% risk of failure)
Press: ? - help, Q - select action Shift-Dir - straight line, f/p - hobgoblin
Aim: a hobgoblin (moderately wounded, chance to affect: 83%)
The hobgoblin writhes in agony.
You kill the hobgoblin!
The dead are walking!
Aiming: Necrotise (safe; 4% risk of failure)
Press: ? - help, Q - select action Shift-Dir - straight line, f - you
Okay, then.
Found a stone staircase leading down.
The dart slug launches a dart at you. The slug dart hits you.
Aiming: Necrotise (safe; 4% risk of failure)
Press: ? - help, Q - select action Shift-Dir - straight line, f - dart slug
Aim: a dart slug (ally target, chance to affect: 83%)
The dart slug writhes in agony.
The dart slug launches a dart at you. The slug dart misses you.
The slug dart hits your hobgoblin skeleton.
You don't have enough magic to cast this spell.
Unknown command.
A hobgoblin comes into view.
The dart slug launches a dart at you. The slug dart hits you.
The dart slug launches a dart at you. The slug dart hits you.
Ouch! That really hurt!
* * * LOW HITPOINT WARNING * * *
You hit the dart slug but do no damage.
The dart slug is lightly wounded.
You hit the dart slug but do no damage.
You bite the dart slug, but do no damage.
The dart slug is lightly wounded.
The dart slug launches a dart at you. The slug dart hits you.
You die...

.. ##.#.#.#.#.# .#
#.........>...####
#.#.#.#.#.#.. ..#######
..........# #.##.....
#.#.#.#.#####.####.##
....................
##.#.#.#.#.#..##........
#.g...w@Z.....####.##.##
##.#.#.#.#.#..# #.##.#
######+### #..#.# ##...#
#..# ..#


You could see a dart slug (ally target), a hobgoblin and a friendly hobgoblin
skeleton.

Vanquished Creatures
  A hobgoblin (D:1)
1 creature vanquished.

Notes
Turn   | Place    | Note
-------+----------+-------------------------------------------
     0 | D:1      | freelancePsychic the Vine Stalker Necromancer began the
                  | quest for the Orb.
     0 | D:1      | Reached XP level 1. HP: 9/9 MP: 4/4
    82 | D:1      | Killed from afar by a dart slug

Illustrated notes

Levels and vault maps discovered:
D:1:      lemuel_arrival_funnel, layout_basic, basic_ecumenical_altar,
          st_stairs_11, minmay_tetromino_l4

Action                     || total
---------------------------++-------
  Melee: Unarmed           ||     4
         Bite              ||     1
   Cast: Necrotise         ||     3
 Armour: Robe              ||     8
  Dodge: Dodged            ||     1
